 Dungeon Crawl Stone Soup version 0.32-a0-616-g9348d4545b (webtiles) character file.

Game seed: 11842175895009716857

107 ezpacito the Chopper (level 4, -2/35 HPs)
             Began as a Coglin Chaos Knight on Mar 5, 2024.
             Was a Plaything of Xom.
             Slain by Grinder (8 damage)
             ... on level 3 of the Dungeon.
             The game lasted 00:02:16 (1499 turns).

ezpacito the Chopper (Coglin Chaos Knight)          Turns: 1499, Time: 00:02:16

Health: -2/35      AC:  8    Str: 14    XL:     4   Next: 85%
Magic:  5/5        EV: 11    Int: 12    God:    Xom [...*..]
Gold:   131        SH:  0    Dex: 13    Spells: 4/4 levels left

rFire   . . .        a - +0 hand axe (chaos) {Yawen}
rCold   . . .        g - +0 trident {Nhalahla}
rNeg    . . .        b - +2 leather armour
rPois   .            j - +1 helmet
rElec   .            (no cloak)
rCorr   .            (no gloves)
SInv    .            f - +0 pair of boots {Fly}
Will    .....        (amulet unavailable)
Stlth   +            (ring unavailable)
HPRegen 0.25/turn    (ring unavailable)
MPRegen 0.09/turn    (no gizmo)

%: no passive effects
@: flying, revved
A: off-hand wielding, slow wielding, warmup strikes, no jewellery
a: Invent Gizmo, Renounce Religion


You were on level 3 of the Dungeon.
You worshipped Xom.
You were a favourite toy of Xom.
You visited 1 branch of the dungeon, and saw 3 of its levels.

You collected 131 gold pieces.

Inventory:

Hand Weapons
 a - a +0 hand axe of chaos (weapon) {Yawen}
 g - a +0 trident (offhand) {Nhalahla}
Armour
 b - a +2 leather armour (worn)
 f - a +0 pair of boots of flying (worn)
 j - a +1 helmet (worn)
Scrolls
 c - a scroll of butterflies
 i - a scroll of identify {unknown}
 k - a scroll of amnesia {unknown}
Potions
 d - a potion of might {unknown}
 h - a potion of resistance {unknown}
 l - a potion of berserk rage {unknown}


   Skills:
 * Level 3.5 Fighting
 * Level 3.6(3.7) Axes
 + Level 0.6(2.1) Polearms
 * Level 2.3 Armour
 * Level 1.8 Dodging
 + Level 0.8 Stealth
 + Level 0.7 Spellcasting


You had 4 spell levels left.
You didn't know any spells.
Your spell library was empty.

Dungeon Overview and Level Annotations

Branches:
Dungeon (3/15)

Altars:
Sif Muna

Annotations:
D:3 Grinder


Innate Abilities, Weirdness & Mutations

You can wield a second weapon in your off-hand.
It takes a long time for you to wield or remove held weapons.
Your first few attacks do less damage.
You cannot equip rings or amulets.


Message History

Grinder hits you but does no damage.
You closely miss Grinder with your +0 hand axe of chaos.
Grinder is heavily wounded.
You hit Grinder but do no damage. Grinder hits you but does no damage.
You hit Grinder but do no damage.
Grinder is heavily wounded.
You hit Grinder with your +0 trident. Grinder hits you but does no damage.
You barely miss Grinder with your +0 trident.
Grinder is severely wounded.
You hit Grinder with your +0 hand axe of chaos.
Grinder gestures at you.
You barely resist. You hit Grinder but do no damage.
Grinder is severely wounded.
You closely miss Grinder with your +0 trident.
Grinder hits you!
You writhe in agony.
* * * LOW HITPOINT WARNING * * *
You take 11 damage, and have 8/35 hp.
MASSIVE DAMAGE!!
You feel better. Grinder misses you.
You regained 6 hp, and now have 14/35 hp.
You feel better. Grinder hits you but does no damage.
You regained 7 hp, and now have 21/35 hp.
You barely miss Grinder with your +0 hand axe of chaos.
Grinder is severely wounded.
You hit Grinder but do no damage. Grinder hits you.
You writhe in agony.
Grinder barely misses you.
You take 9 damage, and have 12/35 hp.
MASSIVE DAMAGE!!
You hit Grinder with your +0 trident.
Grinder is severely wounded.
You hit Grinder with your +0 hand axe of chaos.
You burn Grinder. Grinder hits you.
You writhe in agony.
* * * LOW HITPOINT WARNING * * *
You take 7 damage, and have 5/35 hp.
You completely miss Grinder with your +0 hand axe of chaos.
Grinder is almost dead.
You hit Grinder with your +0 trident.
Grinder says, "Tell me all your secrets, or I'll kill you."
Grinder hits you!
You die...
Grinder sighs, "Dead already?
I want a refund."

#. .. ###. .#. ._
#.###+#### ..
#.#......#
#.###.....%..#
#.....'@)....#
#.#####5.....#
#####.#####.####.#
...................
#.###.)...#.####.###
#.........#.#
#####.....#.#
#.......# #.......#


You could see Grinder.

Vanquished Creatures
  Jessica (D:3)
  Robin (D:2)
  2 ribbon worms (D:2)
  6 orcs
  4 ball pythons
  4 bats
  2 endoplasms (D:1)
  13 goblins
  8 hobgoblins
  3 jackals (D:1)
  A quokka (D:2)
  3 kobolds
  7 rats
55 creatures vanquished.

Vanquished Creatures (others)
  An orc priest (D:2)
  An orc (D:2)
2 creatures vanquished.

Grand Total: 57 creatures vanquished

Notes
Turn   | Place    | Note
-------+----------+-------------------------------------------
     0 | D:1      | ezpacito the Coglin Chaos Knight began the quest for the
                  | Orb.
     0 | D:1      | Reached XP level 1. HP: 18/18 MP: 1/1
    21 | D:1      | XOM: silly message
    37 | D:1      | XOM: silly message
   183 | D:1      | XOM: silly message
   185 | D:1      | Reached skill level 1 in Dodging
   190 | D:1      | Reached XP level 2. HP: 24/24 MP: 2/2
   643 | D:1      | XOM: god gift: +0 pair of boots of flying
   979 | D:2      | Reached XP level 3. HP: 29/29 MP: 3/3
   985 | D:2      | XOM: destruction
  1028 | D:2      | Noticed Robin
  1045 | D:2      | Killed Robin
  1046 | D:2      | Reached XP level 4. HP: 35/35 MP: 4/4
  1366 | D:2      | XOM: noise
  1458 | D:3      | Noticed Jessica
  1464 | D:3      | Killed Jessica
  1477 | D:3      | Noticed Grinder
  1483 | D:3      | Found a shimmering blue altar of Sif Muna.
  1499 | D:3      | Slain by Grinder

Illustrated notes

Levels and vault maps discovered:
D:1:      denvon_arrival_waterhouse, layout_loops_corners
D:2:      layout_rooms, uniq_robin
D:3:      layout_basic, lemuel_crystal_altar,
          mainiacjoe_overflow_six_doors_small,
          ebering_ecumenical_altar_abandoned, kennysheep_generic_room_12,
          uniq_jessica, uniq_grinder

Skill      XL: |  1  2  3 |
---------------+----------+-----
Dodging        | 1 |  1.8
Armour         | 2 |  2.3
Fighting       | |  3.5
Axes           | |  3.6
Polearms       | |  0.6
Stealth        | |  0.8
Spellcasting   | |  0.7

Action                     |  1- 3 |  4- 6 || total
---------------------------+-------+-------++-------
  Melee: Dagger            |    77 |       ||    77
         Hand axe          |    84 |    39 ||   123
         Trident           |       |    44 ||    44
    Use: Potion            |       |     3 ||     3
   Stab: Paralysed         |     2 |       ||     2
 Armour: Leather armour    |    39 |    28 ||    67
  Dodge: Dodged            |    46 |    14 ||    60

Table legend: (Time is in decaauts)
 A = Elapsed time spent in this place.
 B = Non-inter-level travel time spent in this place.
 C = Inter-level travel time spent in this place.
 D = Time resting spent in this place.
 E = Time spent auto-exploring this place.
 F = Levels seen in this place.
 G = Mean time per level.
                   A        B        C        D        E       F      G
               +--------+--------+--------+--------+--------+-----+--------+
         Total |   1511 |   1483 |     28 |      0 |   1122 |   3 |  503.7 |
       Dungeon |   1511 |   1483 |     28 |      0 |   1122 |   3 |  503.7 |
               +--------+--------+--------+--------+--------+-----+--------+

Top non-repeatable levels by time:
     D:1: 950 daAuts
     D:2: 474 daAuts
     D:3: 86 daAuts
